 Dungeon Crawl Stone Soup version 0.30-a0-778-g2ef04afb54 (webtiles) character file.

Game seed: 11318728171349809632

89 octoduck the Insei (level 4, -7/48 HPs)
             Began as a Djinni Transmuter on Feb 15, 2023.
             Mangled by an ogre
             ... wielding a +0 giant club
              (13 damage)
             ... on level 3 of the Dungeon.
             The game lasted 00:10:45 (4227 turns).

octoduck the Insei (Djinni Transmuter)              Turns: 4227, Time: 00:10:45

Health: -7/48      AC: 22    Str: 11    XL:     4   Next: 84%
Gold:   81         EV:  2    Int: 14    God:
                   SH:  0    Dex: 14

rFire   . . .      SeeInvis .      - Unarmed
rCold   . . .      Faith    .    (no shield)
rNeg    . . .      Spirit   .    (body armour currently unavailable)
rPois   ∞          Reflect  .    (helmet currently unavailable)
rElec   .          Harm     .    (cloak currently unavailable)
rCorr   .          Rampage  .    (gloves currently unavailable)
Will    .....      NoTele   +    (boots unavailable)
Stlth   +                        (no amulet)
HPRegen 0.28/turn                (no ring)
MPRegen 0.00/turn                (no ring)

@: tree-form
A: stationary, stasis, torment immunity, boosted hp, sickness immunity, (fire
resistance 2), (cold vulnerability 1), float, innate caster, HP casting, extra
vitality 1
a: no special abilities


You were on level 3 of the Dungeon.
You were a tree.
You visited 1 branch of the dungeon, and saw 4 of its levels.

You collected 117 gold pieces.
You spent 36 gold pieces at shops.

Inventory:

Missiles
 x - 4 poisoned darts
Armour
 n - a +0 kite shield
 q - a +0 ring mail of fire resistance (melded)
Jewellery
 v - a ring of ice
 w - an amulet of faith
Scrolls
 f - a scroll of butterflies {unknown}
 i - 2 scrolls of teleportation
 j - a scroll of blinking
 p - a scroll of fog {unknown}
 r - a scroll of enchant armour {unknown}
 s - a scroll of torment {unknown}
 u - a scroll of vulnerability
 y - a scroll of enchant weapon {unknown}
Potions
 b - 2 potions of lignification
 c - a potion of attraction
 g - a potion of might
 h - 2 potions of curing
 l - a potion of haste
 o - a potion of flight
 t - a potion of brilliance


   Skills:
 - Level 1.0 Fighting
 + Level 3.1 Dodging
 * Level 4.7 Unarmed Combat
 - Level 1.5 Spellcasting


You couldn't memorise any spells.
You knew the following spells:

 Your Spells              Type           Power      Damage    Failure   Level
a - Beastly Appendage     Tmut           10%        N/A       13%         1
b - Wereblood             Tmut           5%         N/A       21%         2
c - Spider Form           Tmut/Pois      5%         N/A       36%         3
d - Ice Form              Ice/Tmut       5%         N/A       78%         4
e - Shock                 Conj/Air       20%        1d4       13%         1
Your spell library was empty.

Dungeon Overview and Level Annotations

Branches:
Dungeon (4/15)
 Temple: D:4-7

Altars:

Shops:
D:1 :   D:3 *=!(


Innate Abilities, Weirdness & Mutations

You are a tree.
Your roots penetrate the ground, keeping you stationary.
You cannot be teleported.
You are immune to unholy pain and torment.
Your maximum health is greatly increased.
Your equipment is partially melded.
You are immune to sickness and miasma.
You are immune to poison.
((Your flesh is very heat resistant. (rF++)))
((You are vulnerable to cold. (rC-)))
You float through the air rather than walking.
You learn spells naturally, not from books.
Your magical power is your life essence.
You have superior vitality. (+4 MHP)


Message History

Items here: ) †††.
There is a stone staircase leading down, spattered with blood here.
You see here a +0 dagger.
Items here: ) †††.
HP restored.
Your horns disappear.
There is an open door here.
There is an open door here.
You see here a +0 ring mail.
There is a stone staircase leading down here.
You fly downwards.
The ogre shouts!
Found an escape hatch in the floor.
There is a stone staircase leading up here.
You need no library to learn spells.
The ogre hits you with a +0 giant club.
You fly upwards.
There is a stone staircase leading down here.
Casting: Beastly Appendage (safe; 32% risk of failure)
Confirm with . or Enter, or press ? or * to list all spells.
You grow a pair of large bovine horns.
Your transformation is almost over.
The ogre misses you.
You hit the ogre. You headbutt the ogre!
The ogre is moderately wounded.
The ogre hits you with a +0 giant club.
You hit the ogre.
The ogre is heavily wounded.
You punch the ogre! You headbutt the ogre! Your punch misses the ogre.
The ogre is almost dead.
The ogre hits you with a +0 giant club!!
Ouch! That really hurt!
* * * LOW HITPOINT WARNING * * *
Really quaff the potion of lignification?
Your horns disappear.
You turn into a tree.
Your +0 ring mail of fire resistance melds into your body.
You feel less resistant to fire.
Your roots penetrate the ground.
The ogre hits you with a +0 giant club!
You die...

#############.#
#.............#
##.##########.# #.# #.#
#.# #.# #.# #.# #.# #.#
#.##########.##
#.#♣..........######
#.##O............[..
#.###########.......
#...........#######.
###############.########
#.......................
#.############.####.....
#.......................
############...####.....


You could see an ogre.

Vanquished Creatures
  An adder (D:1)
  A worm (D:2)
  2 dart slugs
  2 orcs (D:3)
  3 bats
  7 endoplasms
  3 giant cockroaches (D:1)
  4 goblins (D:1)
  5 hobgoblins
  3 jackals (D:3)
  6 quokkas
  5 ball pythons
  4 frilled lizards
  11 kobolds
  8 rats
65 creatures vanquished.

Vanquished Creatures (others)
  A fungus (D:1)
1 creature vanquished.

Grand Total: 66 creatures vanquished

Notes
Turn   | Place    | Note
-------+----------+-------------------------------------------
     0 | D:1      | octoduck the Djinni Transmuter began the quest for the Orb.
     0 | D:1      | octoduck set off with the following spells memorised:
                  | Beastly Appendage, Wereblood, Spider Form, Ice Form.
     0 | D:1      | Reached XP level 1. HP: 17/17 MP: 0/0
   675 | D:1      | Reached XP level 2. HP: 19/22 MP: 0/0
  1257 | D:1      | Found Peal's Book Emporium.
  1276 | D:1      | Reached XP level 3. HP: 11/27 MP: 0/0
  1276 | D:1      | Learned a level 1 spell: Shock
  1840 | D:1      | Reached skill level 4 in Unarmed Combat
  2097 | D:1      | Found a faded altar of an unknown god.
  2442 | D:2      | Reached XP level 4. HP: 29/32 MP: 0/0
  3364 | D:3      | Found Recwu's Antique Weapon Shoppe.
  3605 | D:3      | Found Cilu's Distillery.
  3617 | D:3      | Bought a potion of curing for 36 gold pieces
  3666 | D:3      | Found Ygala's Jewellery Shop.
  3699 | D:3      | Found Rehad's Assorted Antiques.
  4012 | D:4      | Noticed a scorpion
  4158 | D:4      | Noticed a scorpion
  4218 | D:4      | Noticed an ogre
  4227 | D:3      | Mangled by an ogre

Illustrated notes

Levels and vault maps discovered:
D:1:      evilmike_arrival_plus, layout_loops_corners, serial_shops, shop,
          shapermc_ecumenical_altar_mp_urbaneastern, minmay_quantized
D:2:      layout_rooms, kennysheep_decorative_pillar
D:3:      layout_basic, serial_shops, nicolae_shop_waterfront, shop,
          nicolae_shop_behind_doors, nicolae_square_shop
D:4:      layout_rooms, minmay_temple_entry_mist, kennysheep_doodads

Skill      XL: |  1  2  3  4 |
---------------+-------------+-----
Unarmed Combat | 4 |  4.7
Dodging        | 3 |  3.1
Fighting       | |  1.0
Spellcasting   | |  1.5

Action                     |  1- 3 |  4- 6 || total
---------------------------+-------+-------++-------
  Melee: Unarmed           |   131 |    94 ||   225
         Headbutt          |    17 |     9 ||    26
         Punch             |       |     1 ||     1
   Cast: Beastly Appendage |    23 |    19 ||    42
    Use: Scroll            |       |     9 ||     9
         Potion            |       |     1 ||     1
   Stab: Sleeping          |     1 |       ||     1
 Armour: Robe              |     7 |       ||     7
         Leather armour    |    21 |       ||    21
         Ring mail         |       |    28 ||    28
  Dodge: Dodged            |    76 |    63 ||   139

Table legend: (Time is in decaauts)
 A = Elapsed time spent in this place.
 B = Non-inter-level travel time spent in this place.
 C = Inter-level travel time spent in this place.
 D = Time resting spent in this place.
 E = Time spent auto-exploring this place.
 F = Levels seen in this place.
 G = Mean time per level.
                   A        B        C        D        E       F      G
               +--------+--------+--------+--------+--------+-----+--------+
         Total |   4216 |   3832 |    384 |   1306 |   1703 |   4 | 1054.0 |
       Dungeon |   4216 |   3832 |    384 |   1306 |   1703 |   4 | 1054.0 |
               +--------+--------+--------+--------+--------+-----+--------+

Top non-repeatable levels by time:
     D:1: 2305 daAuts
     D:3: 1160 daAuts
     D:2: 721 daAuts
     D:4: 29 daAuts
